 Dungeon Crawl Stone Soup version 0.25.1-2-g60ff931df9 (webtiles) character file.

Game seed: 6516832513688751452

195 H0rd4k the Insei (level 5, 0/49 HPs)
             Began as an Octopode Transmuter on July 29, 2020.
             Succumbed to a worker ant's poison
             ... on level 4 of the Dungeon.
             The game lasted 00:03:30 (3193 turns).

H0rd4k the Insei (Octopode Transmuter)              Turns: 3193, Time: 00:03:31

Health: 0/49       AC: 22    Str: 10    XL:     5   Next: 74%
Magic:  9/9        EV:  2    Int: 16    God:
Gold:   196        SH:  5    Dex: 12    Spells: 4/10 levels left

rFire    . . .     SeeInvis .     - Unarmed
rCold    . . .     Gourm    .   (no shield)
rNeg     + + +     Faith    .   (helmet currently unavailable)
rPois    +         Spirit   .   h - amulet of reflection
rElec    .         Reflect  +   l - ring of resist corrosion
rCorr    +         Harm     .   (no ring)
MR       .....     NoTele   +   (no ring)
Stlth    ++........             (no ring)
HPRegen  0.16/turn              (no ring)
MPRegen  0.11/turn              (no ring)
                                (no ring)
                                (no ring)

@: lethally poisoned (0 -> -8), tree-form, stab, hasted, very quick
A: almost no armour, stealthy swim, (amphibious), 8 rings, (constrict 8)
a: no special abilities


You were on level 4 of the Dungeon.
You were not hungry.
You were a tree.
You visited 1 branch of the dungeon, and saw 4 of its levels.

You collected 196 gold pieces.

Inventory:

Missiles
 a - 79 arrows
 g - 15 poisoned darts (quivered)
Jewellery
 h - an amulet of reflection (around neck)
 l - a ring of resist corrosion (left branch)
Scrolls
 b - a scroll of fog {unknown}
 e - a scroll of random uselessness {unknown}
 k - 2 scrolls of teleportation {unknown}
 m - a scroll of enchant weapon {unknown}
 n - a scroll of remove curse {unknown}
 p - a scroll of magic mapping {unknown}
 q - 4 scrolls of identify {unknown}
 s - a scroll of blinking {unknown}
 t - a scroll of immolation {unknown}
Potions
 d - a potion of stabbing
 f - a potion of mutation
Comestibles
 c - 9 rations
 j - 3 chunks of flesh


   Skills:
 + Level 1.2 Fighting
 + Level 2.6 Dodging
 + Level 3.0 Stealth
 + Level 4.2 Unarmed Combat
 * Level 3.0 Spellcasting
 * Level 2.8 Transmutations


You had 4 spell levels left.
You knew the following spells:

 Your Spells              Type           Power        Failure   Level  Hunger
a - Beastly Appendage     Tmut           ##....       6%          1    #......
b - Sticks to Snakes      Tmut           ##......     9%          2    ##.....
c - Spider Form           Tmut/Pois      #.........   32%         3    ###....

Your spell library contained the following spells:

 Spells                   Type           Power        Failure   Level  Hunger
 Ice Form                 Ice/Tmut       #.......     71%         4    #####..
 Blade Hands              Tmut           ##........   86%         5    ######.


Dungeon Overview and Level Annotations

Branches:
Dungeon (4/15)
 Temple: D:4-7

Altars:


Innate Abilities, Weirdness & Mutations

You cannot wear most types of armour.
You are very stealthy in the water. (Stealth+)
((You are amphibious.))
You can wear up to eight rings at the same time.
((You can use your tentacles to constrict eight enemies at once.))
((Your skin changes colour to match your surroundings (Stealth+).))
((Your rubbery body absorbs attacks. (AC +1, EV +1)))
((You can translocate small distances at will.))
((You are resistant to electric shocks. (rElec)))


Message History

It was a potion of stabbing.
You feel ready to backstab.
You constrict the worker ant, but do no damage.
* * * LOW HITPOINT WARNING * * *
You feel sick. You block the worker ant's attack.
It was a potion of mutation.
You feel extremely strange.
You feel jittery.
You feel insulated.
You constrict the worker ant.
* * * LOW HITPOINT WARNING * * *
You feel sick. The worker ant closely misses you.
It was a potion of lignification.
Your tentacle spike disappears.
You turn into a tree.
Your roots penetrate the ground.
You lose your grip on the worker ant.
The worker ant bites you but does no damage.
It was a potion of haste.
You feel yourself speed up.
* * * LOW HITPOINT WARNING * * *
You feel sick. The worker ant barely misses you.
It was a potion of magic.
Magic courses through your body.
You die...

... .$#.# ..#.# #
#.#.##.#
####.#....##
#..........#
#....#.#
..###...o#.#
#........#♣#
#....#+#.a.# ##..
#.### (.. ##
#.#####+##### ..
#..#...........#
. #............#
+............#
#####
#.##(...........#
#...#
#..#............#


You could see a worker ant.

Vanquished Creatures
  A howler monkey (D:4)
  An orc wizard (D:3)
  6 adders
  A worm (D:2)
  3 dart slugs
  3 leopard geckos
  An orc (D:3)
  5 giant cockroaches
  2 goblins
  6 hobgoblins
  2 jackals (D:2)
  7 kobolds
  3 quokkas
  5 ball pythons
  11 bats
  4 frilled lizards
  5 rats
66 creatures vanquished.

Notes
Turn   | Place    | Note
-------+----------+-------------------------------------------
     0 | D:1      | H0rd4k the Octopode Transmuter began the quest for the Orb.
     0 | D:1      | Reached XP level 1. HP: 13/13 MP: 3/3
   225 | D:1      | Reached XP level 2. HP: 12/18 MP: 5/5
  1061 | D:2      | Found a faded altar of an unknown god.
  1066 | D:2      | Reached XP level 3. HP: 21/23 MP: 6/6
  1121 | D:2      | Learned a level 2 spell: Sticks to Snakes
  1125 | D:2      | Learned a level 3 spell: Spider Form
  1138 | D:2      | Reached skill level 1 in Stealth
  1569 | D:2      | Reached XP level 4. HP: 13/28 MP: 5/7
  2268 | D:3      | Reached skill level 4 in Unarmed Combat
  2519 | D:3      | Reached XP level 5. HP: 10/33 MP: 9/9
  3190 | D:4      | Gained mutation: You can translocate small distances at
                  | will. [potion of mutation]
  3190 | D:4      | Gained mutation: You are resistant to electric shocks.
                  | (rElec) [potion of mutation]
  3190 | D:4      | HP: 1/33 [poisoned by a worker ant]
  3193 | D:4      | Succumbed to a worker ant's poison

Illustrated notes

Levels and vault maps discovered:
D:1:      dpeg_arrival_pond, layout_loops_ring
D:2:      layout_loops_ring, chequers_ecumenical_altar_island, kennysheep_boxes
D:3:      layout_rooms
D:4:      layout_basic, serial_shops, nicolae_shop_crystal

Skill      XL: |  1  2  3  4  5 |
---------------+----------------+-----
Stealth        | 1 2 3 |  3.0
Unarmed Combat | 4 |  4.2
Spellcasting   | 3 |  3.0
Fighting       | |  1.2
Dodging        | |  2.6
Transmutations | |  2.8

Action                   |  1- 3 |  4- 6 || total
-------------------------+-------+-------++-------
Melee: Unarmed           |    77 |    76 ||   153
       Constrict         |    21 |    26 ||    47
       Tentacles         |    16 |    15 ||    31
       Punch             |     2 |       ||     2
       Kick              |     5 |     6 ||    11
 Cast: Beastly Appendage |     4 |     6 ||    10
  Use: Potion            |       |     5 ||     5
 Stab: Sleeping          |     6 |    11 ||    17
  Eat: Chunk             |     2 |     5 ||     7
Armor: Skin              |     9 |     6 ||    15
Dodge: Dodged            |    44 |    46 ||    90
Block: Other             |     2 |    13 ||    15
